 Dungeon Crawl Stone Soup version 0.32-a0-814-g0968bab981 (webtiles) character file.

Game seed: 8354339737585817962

4623 shadizar the Thaumaturge (level 10, -8/67 HPs)
             Began as a Djinni Alchemist on Mar 22, 2024.
             Was a Believer of Makhleb.
             Killed from afar by a white imp (10 damage)
             ... with a puff of frost
             ... on level 7 of the Dungeon.
             The game lasted 00:16:48 (7213 turns).

shadizar the Thaumaturge (Djinni Alchemist)         Turns: 7213, Time: 00:16:49

Health: -8/67      AC:  5    Str:  7    XL:     10   Next: 70%
Gold:   295        EV: 12    Int: 21    God:    Makhleb [**....] SH:  0 Dex: 14

rFire   + + .        (no weapon)
rCold   x . .        (no shield)
rNeg    . . .        a - +0 robe
rPois   ∞            d - +1 helmet
rElec   .            v - +0 cloak
rCorr   .            (no gloves)
SInv    .            (boots unavailable)
Will    +....        (no amulet)
Stlth   ++           m - +4 ring of slaying
HPRegen 0.31/turn    (no ring)
MPRegen 0.00/turn

%: infuse magic (-9 HP)
@: attractive, flying, hasted, very quick
A: sickness immunity, fire resistance 2, cold vulnerability 1, float, innate
caster, HP casting, extra vitality 1
a: Renounce Religion, Minor Destruction


You were on level 7 of the Dungeon.
You worshipped Makhleb.
Makhleb was pleased with you.
You visited 2 branches of the dungeon, and saw 8 of its levels.
You also visited: Sewer and Ossuary.

You collected 295 gold pieces.

Inventory:

Hand Weapons
 q - a +2 dagger of venom
 t - a +1 falchion of electrocution
 u - a +1 whip of flaming
 x - a +4 trident of draining
Armour
 a - a +0 robe (worn)
 d - a +1 helmet (worn)
 k - a +0 kite shield
 v - a +0 cloak (worn)
Jewellery
 m - a +4 ring of slaying (left hand)
 I - a +4 ring of slaying
Scrolls
 b - 5 scrolls of fog {unknown}
 e - 8 scrolls of identify {unknown}
 f - 4 scrolls of teleportation {unknown}
 i - a scroll of silence {unknown}
 n - 2 scrolls of acquirement {unknown}
 r - 2 scrolls of poison {unknown}
 s - a scroll of immolation {unknown}
 y - 2 scrolls of enchant weapon {unknown}
 B - a scroll of enchant armour {unknown}
 F - 2 scrolls of revelation {unknown}
 G - 2 scrolls of vulnerability {unknown}
 H - a scroll of noise {unknown}
 J - a scroll of brand weapon {unknown}
Potions
 c - 2 potions of resistance {unknown}
 g - 2 potions of attraction
 h - a potion of heal wounds {unknown}
 j - 2 potions of berserk rage {unknown}
 l - 2 potions of haste
 o - a potion of mutation {unknown}
 p - 2 potions of curing {unknown}
 w - a potion of invisibility {unknown}
 z - a potion of magic {unknown}
 A - a potion of might {unknown}
 C - a potion of brilliance {unknown}
 D - a potion of experience {unknown}
 E - a potion of enlightenment {unknown}


   Skills:
 + Level 3.4 Fighting
 + Level 4.6 Dodging
 - Level 1.5 Stealth
 + Level 3.4 Shields
 + Level 11.0 Spellcasting
 + Level 11.0 Conjurations
 + Level 11.0 Hexes
   Level 0.0 Charms
 + Level 11.0 Summonings
 + Level 11.0 Necromancy
 + Level 11.0 Translocations
   Level 0.0 Transmutations
 + Level 11.0 Fire Magic
 + Level 11.0 Ice Magic
 + Level 11.0 Air Magic
 + Level 11.0 Earth Magic
 + Level 11.0 Alchemy


You knew the following spells:

 Your Spells              Type           Power      Damage    Failure   Level
a - Sting                 Conj/Alch      100%       1d9       1%          1
b - Mercury Vapours       Alch/Air       100%       N/A       1%          2
c - Mephitic Cloud        Conj/Alch/Air  55%        N/A       1%          3
d - Olgreb's Toxic Radia  Alch           55%        N/A       1%          4
e - Sticky Flame          Fire/Alch      55%        2d10      1%          4
f - Sandblast             Erth           100%       2d20      1%          1
g - Jinxbite              Hex            100%       N/A       1%          2
h - Hailstorm             Conj/Ice       55%        3d11      1%          3
i - Summon Blazeheart Go  Fire/Summ      55%        N/A       1%          4
Your spell library was empty.

Dungeon Overview and Level Annotations

Branches:
Dungeon (7/15)             Temple (1/1) D:6           Sewer (visited)
Ossuary (visited)

Altars:
Ashenzari
Cheibriados
Dithmenos
Elyvilon
Gozag
Hepliaklqana
Makhleb
Nemelex Xobeh
Qazlal
Ru
Trog
Wu Jian
Xom
Yredelemnul
Zin
The Shining One

Shops:
D:4 [


Innate Abilities, Weirdness & Mutations

You are immune to sickness and miasma.
You are immune to poison.
Your flesh is very heat resistant. (rF++)
You are vulnerable to cold. (rC-)
You float through the air rather than walking.
You learn spells naturally, not from books.
Your magical power is your life essence.
You have superior vitality. (+4 MHP)


Message History

Aiming: Sting (safe; 1% risk of failure)
Press: ? - help, Shift-Dir - straight line, f - white imp
Aim: a white imp (78% to hit)
The sting hits the white imp.
The white imp partially resists.
The white imp is poisoned.
The white imp is moderately wounded.
* * * LOW HITPOINT WARNING * * *
Unknown command.
Unknown command.
Unknown command.
Unknown command.
Unknown command.
Unknown command.
Casting: Sting (safe; 1% risk of failure)
Confirm with . or Enter, or press ? or * to list all spells.
Aiming: Sting (safe; 1% risk of failure)
Press: ? - help, Shift-Dir - straight line, f/p - white imp
Aim: a white imp (moderately wounded, poisoned, 78% to hit)
The sting hits the white imp but does no damage.
The white imp looks even sicker.
The white imp is moderately wounded.
* * * LOW HITPOINT WARNING * * *
The white imp gestures at you. The puff of frost hits you!
You feel a terrible chill!
* * * LOW HITPOINT WARNING * * *
Unknown command.
Unknown command.
Unknown command.
Unknown command.
Unknown command.
Unknown command.
Casting: Sting (safe; 1% risk of failure)
Confirm with . or Enter, or press ? or * to list all spells.
You don't know that spell.
It was a potion of haste.
You feel yourself speed up.
It was a potion of attraction.
You feel attractive to monsters. The white imp gestures at you.
The puff of frost hits you!
You feel a terrible chill!
You die...

#........................#.....#
......##.......................##
#.##.....###.##.#####...........#
........# #...(.# #........#..#
.....#### ###.#.# #...........#
#.#..# ######.#####..........#
#.#..## ##≈~.##.....#.......####
#.....# #~≈...#.###...#######
......# #≈.ß$.5@.###..####
.)..#.####☼○...#..........#
........#≈○§☼.#####...#####
....#.###~.#### #.### ....#.#
#~..## #.# ..5.#.# #~...######.#
#..##.####...≈#.....## #...#..#
##.{≈#......#
#...{#.#####.≈#......# ######


You could see a white imp (very poisoned).

Vanquished Creatures
  Pikel (D:5)
  Jeremiah (D:6)
  Grinder (D:6)
  Sigmund (D:3)
  Eustachio (D:5)
  4 steam dragons (D:7)
  Edmund (D:5)
  2 water moccasins
  An orc warrior (D:7)
  Duvessa (D:4)
  An ice beast (D:7)
  A sky beast (D:7)
  2 ogres
  A centaur (D:7)
  3 lemures (D:5)
  2 brain worms (Sewer)
  A bullfrog (D:7)
  7 scorpions
  Dowan (D:4)
  4 killer bees (D:7)
  A bombardier beetle (D:5)
  3 gnoll boudas
  A hound (D:4)
  An orc priest (D:7)
  3 jellies
  A sleepcap (D:7)
  2 iguanas
  6 orc wizards
  6 scorpion zombies (Ossuary)
  3 mummies (Ossuary)
  12 adders
  11 gnolls
  2 white imps
  3 adder zombies (Ossuary)
  3 dart slugs
  7 ribbon worms
  18 orcs
  4 bats
  10 endoplasms
  3 giant cockroaches
  6 goblins
  7 hobgoblins
  10 jackals
  5 quokkas
  12 ball pythons
  12 frilled lizards
  3 gnoll zombies (Ossuary)
  4 jackal zombies (Ossuary)
  5 kobolds
  A kobold zombie (Ossuary)
  6 rats
208 creatures vanquished.

Vanquished Creatures (collateral kills)
  An orc (D:4)
1 creature vanquished.

Grand Total: 209 creatures vanquished

Notes
Turn   | Place    | Note
-------+----------+-------------------------------------------
     0 | D:1      | shadizar the Djinni Alchemist began the quest for the Orb.
     0 | D:1      | shadizar set off with the following spells memorised:
                  | Sting, Mercury Vapours, Mephitic Cloud, Olgreb's Toxic
                  | Radiance, Sticky Flame.
     0 | D:1      | Reached XP level 1. HP: 15/15 MP: 0/0
   117 | D:1      | Reached XP level 2. HP: 19/21 MP: 0/0
   535 | D:1      | Reached XP level 3. HP: 24/25 MP: 0/0
   535 | D:1      | Learned a level 1 spell: Sandblast
   754 | D:2      | Reached XP level 4. HP: 28/31 MP: 0/0
  1018 | D:2      | Reached XP level 5. HP: 12/35 MP: 0/0
  1018 | D:2      | Learned a level 2 spell: Jinxbite
  1702 | D:2      | Found a faded altar of an unknown god.
  1840 | D:3      | Found a stormy altar of Qazlal.
  1840 | D:3      | Found a broken altar of Ashenzari.
  1841 | D:3      | Found a snail-covered altar of Cheibriados.
  1874 | D:3      | Noticed Sigmund
  1885 | D:3      | Killed Sigmund
  1886 | D:3      | Reached skill level 5 in Spellcasting
  1886 | D:3      | Reached skill level 5 in Conjurations
  1886 | D:3      | Reached skill level 5 in Hexes
  1886 | D:3      | Reached skill level 5 in Summonings
  1886 | D:3      | Reached skill level 5 in Necromancy
  1886 | D:3      | Reached skill level 5 in Translocations
  1886 | D:3      | Reached skill level 5 in Fire Magic
  1886 | D:3      | Reached skill level 5 in Ice Magic
  1886 | D:3      | Reached skill level 5 in Air Magic
  1886 | D:3      | Reached skill level 5 in Earth Magic
  1886 | D:3      | Reached skill level 5 in Alchemy
  1886 | D:3      | Reached XP level 6. HP: 28/40 MP: 0/0
  2116 | D:3      | Reached XP level 7. HP: 22/45 MP: 0/0
  2116 | D:3      | Learned a level 3 spell: Hailstorm
  2657 | D:4      | Noticed a water moccasin
  2705 | D:4      | Killed a water moccasin
  2874 | D:4      | Found Tariexonen's Armour Boutique.
  3016 | D:4      | Noticed Duvessa
  3016 | D:4      | Noticed Dowan
  3024 | D:4      | Killed Dowan
  3025 | D:4      | Reached XP level 8. HP: 41/50 MP: 0/0
  3042 | D:4      | Killed Duvessa
  3171 | D:4      | Found an ornate altar of the Wu Jian Council.
  3504 | D:4      | Found an opulent altar of Gozag.
  3813 | D:5      | Entered Level 5 of the Dungeon
  4202 | D:5      | Noticed Eustachio
  4207 | D:5      | Killed Eustachio
  4208 | D:5      | Noticed Edmund
  4221 | D:5      | Killed Edmund
  4222 | D:5      | Reached XP level 9. HP: 24/55 MP: 0/0
  4222 | D:5      | Learned a level 4 spell: Summon Blazeheart Golem
  4515 | D:5      | Noticed Pikel
  4525 | D:5      | Killed Pikel
  4750 | D:6      | Found a staircase to the Ecumenical Temple.
  4764 | D:6      | Noticed Grinder
  4830 | D:6      | Killed Grinder
  4831 | D:6      | Reached skill level 10 in Spellcasting
  4831 | D:6      | Reached skill level 10 in Conjurations
  4831 | D:6      | Reached skill level 10 in Hexes
  4831 | D:6      | Reached skill level 10 in Summonings
  4831 | D:6      | Reached skill level 10 in Necromancy
  4831 | D:6      | Reached skill level 10 in Translocations
  4831 | D:6      | Reached skill level 10 in Fire Magic
  4831 | D:6      | Reached skill level 10 in Ice Magic
  4831 | D:6      | Reached skill level 10 in Air Magic
  4831 | D:6      | Reached skill level 10 in Earth Magic
  4831 | D:6      | Reached skill level 10 in Alchemy
  4856 | Temple   | Entered the Ecumenical Temple
  4865 | Temple   | Became a worshipper of Makhleb the Destroyer
  4876 | D:6      | Noticed Jeremiah
  4884 | D:6      | Killed Jeremiah
  5013 | D:6      | Found a glowing drain.
  5026 | Sewer    | Entered a sewer
  5503 | D:6      | Reached XP level 10. HP: 56/60 MP: 0/0
  6089 | D:7      | Reached * piety under Makhleb
  6090 | D:7      | Reached skill level 1 in Fighting
  6090 | D:7      | Reached skill level 1 in Shields
  6298 | D:7      | Found a sand-covered staircase.
  6321 | Ossuary  | Entered an ossuary
  6830 | D:7      | Reached ** piety under Makhleb
  7211 | D:7      | HP: 1/67 [white imp/puff of frost (9)]
  7213 | D:7      | Killed from afar by a white imp

Illustrated notes

Levels and vault maps discovered:
D:1:      roadster_arrival_rocket_small, layout_loops_ring, minmay_lizard_pond
D:2:      layout_loops_corners, basic_ecumenical_altar
D:3:      layout_rooms, gammafunk_temple_overflow_forgotten, uniq_sigmund
D:4:      layout_gridville, lemuel_crystal_altar,
          mainiacjoe_overflow_six_doors_small, serial_shops,
          nicolae_shop_hallway_plus, grunt_ministairs_8, uniq_duvessa
D:5:      layout_cave_pools, mainiacjoe_overflow_catwalk, uniq_edmund,
          uniq_eustachio, uniq_pikel
D:6:      layout_loops_cross, marbit_many_paths, minmay_temple_entry_glass,
          cheibrodos_sewer_entry_bend, uniq_grinder, uniq_jeremiah
D:7:      cheibrodos_steamvent, layout_rooms, nicolae_ossuary_entry_ruins
Temple:   nicolae_temple_no_exploring_needed

Skill      XL: |  1  2  3  4  5  6  7  8  9 10 |
---------------+-------------------------------+-----
Spellcasting   | 4 5 6 7 9 10 11 | 11.0
Conjurations   | 4 5 6 7 9 10 11 | 11.0
Hexes          | 4 5 6 7 9 10 11 | 11.0
Summonings     | 4 5 6 7 9 10 11 | 11.0
Necromancy     | 4 5 6 7 9 10 11 | 11.0
Translocations | 4 5 6 7 9 10 11 | 11.0
Fire Magic     | 4 5 6 7 9 10 11 | 11.0
Ice Magic      | 4 5 6 7 9 10 11 | 11.0
Air Magic      | 4 5 6 7 9 10 11 | 11.0
Earth Magic    | 4 5 6 7 9 10 11 | 11.0
Alchemy        | 4 5 6 7 9 10 11 | 11.0
Fighting       | 3 |  3.4
Shields        | 3 |  3.4
Dodging        | 4 |  4.6
Stealth        | |  1.5

Action                     |  1- 3 |  4- 6 |  7- 9 | 10-12 || total
---------------------------+-------+-------+-------+-------++-------
  Melee: Unarmed           |       |       |    87 |       ||    87
         Punch             |       |       |     4 |       ||     4
   Cast: Sting             |    58 |    85 |   193 |    68 ||   404
         Mephitic Cloud    |       |     2 |    30 |     8 ||    40
         Sandblast         |       |       |     5 |    29 ||    34
         Hailstorm         |       |       |    22 |    38 ||    60
         Olgreb's Toxic Ra |       |       |     2 |       ||     2
    Use: Potion            |       |       |       |     2 ||     2
 Armour: Robe              |    10 |    17 |    36 |    59 ||   122
  Dodge: Dodged            |    21 |     9 |    35 |    50 ||   115

Table legend: (Time is in decaauts)
 A = Elapsed time spent in this place.
 B = Non-inter-level travel time spent in this place.
 C = Inter-level travel time spent in this place.
 D = Time resting spent in this place.
 E = Time spent auto-exploring this place.
 F = Levels seen in this place.
 G = Mean time per level.
                   A        B        C        D        E       F      G
               +--------+--------+--------+--------+--------+-----+--------+
         Total |   7231 |   7123 |    108 |      0 |   5398 |  10 |  723.1 |
       Dungeon |   6372 |   6264 |    108 |      0 |   4775 |   7 |  910.3 |
        Temple |     18 |     18 |      0 |      0 |      0 |   1 |   18.0 |
         Sewer |    434 |    434 |      0 |      0 |    330 |   1 |  434.0 |
       Ossuary |    405 |    405 |      0 |      0 |    293 |   1 |  405.0 |
               +--------+--------+--------+--------+--------+-----+--------+

Top non-repeatable levels by time:
     D:4: 1206 daAuts
     D:2: 1163 daAuts
     D:5: 906 daAuts
     D:3: 846 daAuts
     D:6: 839 daAuts
     D:7: 735 daAuts
     D:1: 674 daAuts
   Sewer: 434 daAuts
 Ossuary: 405 daAuts
  Temple: 18 daAuts
